 Dungeon Crawl Stone Soup version bcrawl-1.40.2 (webtiles) character file.

Game seed: 7882152931971183950

131751 zoran the Insei (level 4, -7/29 HPs)
             Began as an Octopode Transmuter on Nov 4, 2023.
             Was an Initiate of Dithmenos.
             Mangled by a phantom (8 damage)
             ... on level 3 of the Dungeon.
             The game lasted 00:05:08 (1870 turns).

zoran the Insei (Octopode Transmuter)               Turns: 1870, Time: 00:05:09

Health: -7/29      AC:  1    Str:  9    XL:     4   Next: 54%
Magic:  7/7        EV: 14    Int: 15    God:    Dithmenos [......]
Gold:   152        SH:  0    Dex: 13    Spells: 2/7 levels left

rFire    . . .     GDR:     25% d - +0 dagger
rCold    . . .     SeeInvis .   (no shield)
rNeg     . . .     Gourm    .   (helmet restricted)
rPois    .         Faith    .   (cloak restricted)
rElec    .         Spirit   .   (no amulet)
rCorr    .         Reflect  .   (no ring)
MR       .....                  (no ring)
Stlth    +++.......             (no ring)
HPRegen  0.14/turn              (no ring)
MPRegen  0.10/turn              (no ring)
                                (no ring)
                                (no ring)
                                (no ring)

@: no status effects
A: almost no armour, stealthy swim, resist paralysis, amphibious, 8 rings,
constrict 8, camouflage 1, gelatinous body 1
a: Renounce Religion


You were on level 3 of the Dungeon.
You worshipped Dithmenos.
Dithmenos was noncommittal.
You were hungry.

You visited 1 branch of the dungeon, and saw 3 of its levels.

You collected 152 gold pieces.

Inventory:

Hand Weapons
 d - a +0 dagger (weapon)
Missiles
 a - 120 arrows
 j - 25 poisoned needles
 k - 62 poisoned tomahawks (quivered)
Scrolls
 g - a scroll of blinking {unknown}
 i - 2 scrolls of identify
 l - a scroll of revelation {unknown}
Potions
 c - a potion of lignification
 f - a potion of flight {unknown}
 h - a potion of mutation {unknown}
Comestibles
 e - 5 rations {!d}


   Skills:
 - Level 2.0 Fighting
 + Level 0.9 Short Blades
 + Level 0.2 Throwing
 + Level 2.7 Dodging
 + Level 1.8 Stealth
 + Level 3.4 Unarmed Combat
 - Level 2.0 Spellcasting
 + Level 2.6 Transmutations


You had 2 spell levels left.
You knew the following spells:

 Your Spells              Type           Power        Failure   Level  Hunger
p - Passwall              Tmut/Erth      #.......     21%         2    ##.....
y - Sticks to Snakes      Tmut           #.......     12%         2    ##.....
z - Beastly Appendage     Tmut           #.....       8%          1    None

Your spell library contained the following spells:

 Spells                   Type           Power        Failure   Level  Hunger
 Spider Form              Tmut/Pois      #..          36%         3    ####...
 Ice Form                 Ice/Tmut       #.......     78%         4    ######.
 Blade Hands              Tmut           #.........   91%         5    #######


Dungeon Overview and Level Annotations

Branches:
Dungeon (3/12)

Altars:
Dithmenos


Innate Abilities, Weirdness & Mutations

You cannot wear most types of armour.
You are very stealthy in the water. (Stealth+)
Your unusual nervous system resists paralysis.
You are amphibious.
You can wear up to eight rings at the same time.
You can use your tentacles to constrict eight enemies at once.
Your skin changes colour to match your surroundings (Stealth+).
Your rubbery body absorbs attacks. (AC +1, EV +1)


Message History

The phantom hits you!
Saving game... please wait.
Welcome back, zoran the Octopode Transmuter.
Dithmenos says: Spread the eternal night.
Press m to set your skill training.
Press ? for a list of commands and other information.
Magic restored.
The phantom hits you.
* * * LOW HITPOINT WARNING * * *
You climb downwards.
Your tentacle spike disappears.
There is a stone staircase leading up here.
The phantom hits you.
* * * LOW HITPOINT WARNING * * *
The phantom blinks!
A rat comes into view.
The phantom blinks!
There is a stone staircase leading up here.
You can't go down here!
Unknown command.
The phantom hits you!
You die...

#########
###########@..ยง....
.........##W#######
#..r........#
#.######.##.#
#####.##)#
.....##)#####.#
#.###..##........
......o....####.#
#.###.........).


You could see a phantom.

Vanquished Creatures
  Robin (D:2)
  An ooze (D:1)
  5 worms
  A dart slug (D:2)
  4 leopard geckos
  3 orcs (D:3)
  A giant cockroach (D:1)
  15 goblins
  2 hobgoblins (D:2)
  A jackal (D:1)
  A ball python (D:1)
  5 bats
  A frilled lizard (D:1)
  2 kobolds
  4 rats
47 creatures vanquished.

Notes
Turn   | Place    | Note
-------+----------+-------------------------------------------
     0 | D:1      | zoran the Octopode Transmuter began the quest for the Orb.
     0 | D:1      | Reached XP level 1. HP: 13/13 MP: 3/3
   185 | D:1      | Reached XP level 2. HP: 14/18 MP: 3/5
   617 | D:1      | Learned a level 2 spell: Sticks to Snakes
   711 | D:1      | Reached XP level 3. HP: 16/23 MP: 4/6
  1297 | D:2      | Reached skill level 1 in Stealth
  1352 | D:2      | Found a shadowy altar of Dithmenos.
  1357 | D:2      | Noticed Robin
  1391 | D:2      | Killed Robin
  1392 | D:2      | Reached XP level 4. HP: 19/29 MP: 5/7
  1422 | D:2      | Became a worshipper of Dithmenos the Shadowed
  1502 | D:2      | Learned a level 2 spell: Passwall
  1849 | D:3      | Noticed a phantom
  1866 | D:3      | HP: 1/29 [phantom (6)]
  1870 | D:3      | Mangled by a phantom

Skill      XL: |  1  2  3  4 |
---------------+-------------+-----
Stealth        | 1 |  1.8
Fighting       | 2 |  2.0
Short Blades   | |  0.9
Throwing       | |  0.2
Dodging        | |  2.7
Unarmed Combat | |  3.4
Spellcasting   | |  2.0
Transmutations | |  2.6

Action                   |  1- 3 |  4- 6 || total
-------------------------+-------+-------++-------
Melee: Unarmed           |    23 |       ||    23
       Constrict         |    22 |    10 ||    32
       Kick              |    16 |     9 ||    25
       Tentacles         |    17 |     8 ||    25
       Dagger            |    42 |    32 ||    74
       Punch             |     2 |       ||     2
 Cast: Beastly Appendage |    18 |     4 ||    22
 Stab: Sleeping          |     6 |     2 ||     8
  Eat: Chunk             |     3 |     2 ||     5
Armor: Skin              |     5 |     2 ||     7
Dodge: Dodged            |    36 |    25 ||    61
